Map: World of Sleepers LE

Players

pHARM - Winner!

  • Race: Zerg Zerg
  • League: Platinum
  • Spawn Location: 1:00

puddlez

  • Race: Terran Terran
  • Spawn Location: 7:00

VOD

Have the link to the VOD?

Description

Time

  • Played on: Aug. 20, 2019, 10:35 p.m.
  • Length: 2:51
Show
View Real Time Build Order
Export as new Build Order

pHARM Zerg - Winner!

Build Orders: Hatch First 

Get SALT Encoding   

  12  0:00  Drone  
  13  0:13  Overlord  
  13  0:23  Drone  
  14  0:32  Drone x2  
  16  0:43  Drone  
  17  0:56  Hatchery  
  16  1:01  Drone x2  
  18  1:11  Overlord  
  18  1:30  Spawning Pool  
  17  1:38  Drone x2  
  19  1:47  Drone  
  20  1:56  Drone, Extractor  
  21  2:08  Drone  
  21  2:26  Zergling x8  
Show
View Real Time Build Order
Export as new Build Order

puddlez Terran 

Build Orders:  

Get SALT Encoding   

  12  0:03  SCV  
  13  0:25  Supply Depot  
  13  0:37  Refinery  
  13  0:48  Barracks  
  13  0:54  Barracks  
  13  1:11  Barracks  
  13  1:38  Marine  
  14  1:41  Marine  
  15  1:55  Marine  
  15  1:59  Marine, Supply Depot  
  17  2:09  Bunker  
  17  2:15  Marine x2  
  19  2:16  Marine  
Tags
 
League
Platinum
Matchup
TvZ
Replay Pack
10.7.19
Spawn Locations
Cross Positions
Add a new tag
Caveats
  • Supply blocks, unpowered buildings, or Contaminate may cause inaccurate times.
  • Supply counts are checked every 10 seconds.